 Dungeon Crawl Stone Soup version bcrawl-1.37.2 (webtiles) character file.

Game seed: 6721413084029342345

6798752 Mehrunes the Devastator (level 26, -8/244 HPs)
             Began as a Naga Sloth Apostle on Oct 27, 2022.
             Was a High Priest of Cheibriados.
             Killed from afar by an Ice Fiend (13 damage)
             ... with a bolt of cold
             ... created by the effects of Hell
             ... on level 1 of Cocytus.
             The game lasted 04:52:12 (61465 turns).

Mehrunes the Devastator (Naga Sloth Apostle)       Turns: 61465, Time: 04:52:12

Health: -8/244     AC: 17    Str: 36    XL:     26   Next: 28%
Magic:  28/32      EV: 20    Int: 37    God:    Cheibriados [*****.]
Gold:   3888       SH: 29    Dex: 30    Spells: 10/37 levels left

rFire    + . .     GDR:     44% m - +5 scimitar (flame)
rCold    + + .     Archmagi +   a - +3 medium shield {reflect}
rNeg     . . .     SeeInvis +   K - +2 robe {Archmagi}
rPois    +         Gourm    .   M - +4 helmet "Kuunaega" {rPois rC+ Slay+2}
rElec    +         Faith    .   q - scarf {rC+ rF+}
rCorr    .         Spirit   .   s - +2 pair of gloves
MR       +++..     Reflect  +   W - +4 barding Stlth +++++++...Clarity +
                                X - amulet of regeneration
HPRegen  2.34/turn              U - +6 ring of protection
MPRegen  0.23/turn              T - ring "Simu" {rElec Int+7 Dex+4 Stlth+}

@: exhausted, corroded, very slightly contaminated, regenerating, very slow
A: large, tail, swims, stinger 1, see invisible, clarity, deformed body, poison
resistance, slowness 2, slow metabolism 1, spit poison 1, constrict 1, AC +8
}: 2/15 runes: decaying, barnacled
a: Spit Poison, Bend Time, Defer, Temporal Distortion, Step From Time, Renounce
Religion


You were on level 1 of Cocytus.
You worshipped Cheibriados.
Cheibriados was extremely pleased with you.
You were not hungry.

You visited 10 branches of the dungeon, and saw 37 of its levels.
You visited the Abyss 1 time.
You visited 1 bazaar.
You also visited: Gauntlet, Ice Cave and Desolation.

You collected 6179 gold pieces.
You spent 2291 gold pieces at shops.

Inventory:

Hand Weapons
 m - a +5 scimitar of flaming (weapon)
 o - a +4 demon blade of freezing
Missiles
 x - 1539 poisoned tomahawks (quivered)
Armour
 a - a +3 medium shield of reflection (worn)
 q - a scarf of resistance (worn)
 s - a +2 pair of gloves (worn)
 D - the +0 mask of the Dragon {MR+ Slay+3 SInv}
   (You found it in an ice cave)

   It affects your accuracy and damage with ranged weapons and melee attacks
   (+3).
   It affects your resistance to hostile enchantments.
   It lets you see invisible.
 F - +0 gold dragon scales
 K - a +2 robe of the Archmagi (worn)
 M - the +4 helmet "Kuunaega" (worn) {rPois rC+ Slay+2}
   (You found it on level 6 of the Lair of Beasts)

   It affects your accuracy and damage with ranged weapons and melee attacks
   (+2).
   It protects you from cold.
   It protects you from poison.
 W - a +4 barding (worn)
Magical Staves
 S - an uncursed staff of wizardry
 V - an uncursed staff of air
Jewellery
 d - the ring of Kuackay {rPois rCorr Int+2 Stlth+}
   (You found it on level 3 of the Elven Halls)

   [ring of resist corrosion]

   It affects your intelligence (+2).
   It protects you from poison.
   It provides partial protection from all sources of acid and corrosion.
   It makes you more stealthy.
 i - the ring of Emianad {-Tele *Slow rN+++ Str+4 SInv}
   (You found it on level 3 of the Shoals)

   [ring of strength]

   It affects your strength (+4).
   It renders you almost immune to negative energy.
   It lets you see invisible.
   It prevents most forms of teleportation.
   It may slow you when you take damage.
 l - the amulet "Goemuny" {RegenMP +Blink Dex+6 Stlth-}
   (You found it in the Desolation of Salt)

   [amulet of magic regeneration]

   It increases your magic regeneration.
   It affects your dexterity (+6).
   It lets you blink.
   It makes you less stealthy.
 w - the amulet of Ycaezivy {Spirit +Blink}
   (You acquired it in a bazaar)

   [amulet of guardian spirit]

   It causes incoming damage to be split between your health and magic.
   It lets you blink.
 C - the ring "Eni Isch" {*Drain +Fly rPois rF+}
   (You found it on level 3 of the Dungeon)

   [ring of flight]

   It protects you from fire.
   It protects you from poison.
   It lets you fly.
   It causes draining when unequipped.
 E - an uncursed ring of protection from cold
 J - an uncursed ring of protection from fire
 Q - an uncursed ring of protection from fire
 R - the amulet of Woicraes {Acrobat rElec Int-2 Stlth+}
   (You took it off a deep elf master archer on level 3 of the Elven Halls)

   [amulet of the acrobat]

   It helps you evade while moving and waiting.
   It affects your intelligence (-2).
   It insulates you from electricity.
   It makes you more stealthy.
 T - the ring "Simu" (right hand) {rElec Int+7 Dex+4 Stlth+}
   (You bought it in a shop in a bazaar)

   [ring of intelligence]

   It affects your intelligence (+7).
   It affects your dexterity (+4).
   It insulates you from electricity.
   It makes you more stealthy.
 U - a +6 ring of protection (left hand)
 X - an amulet of regeneration (around neck)
Wands
 c - a wand of acid (15)
 I - a wand of digging (9)
 N - a wand of clouds (7)
Scrolls
 j - a scroll of blinking
 k - 11 scrolls of remove curse
 u - 5 scrolls of amnesia
 v - 7 scrolls of fog
 y - 7 scrolls of magic mapping
 z - 4 scrolls of vulnerability
 A - a scroll of torment
 L - 4 scrolls of fear
 O - 2 scrolls of silence
 Y - a scroll of noise
Potions
 b - 4 potions of cancellation
 g - 14 potions of mutation
 h - 10 potions of lignification
 p - 5 potions of flight
 r - a potion of magic
 t - 12 potions of curing
 G - 2 potions of agility
 H - 5 potions of brilliance
Miscellaneous
 n - 2 phantom mirrors
 P - a lightning rod (4/4)
Comestibles
 e - 46 rations {!d}


   Skills:
 - Level 16.1 Fighting
 - Level 14.0 Long Blades
 + Level 9.9 Armour
 - Level 10.2 Dodging
 - Level 13.0 Stealth
 + Level 16.2 Shields
 - Level 6.0 Spellcasting
 + Level 19.3 Conjurations
   Level 2.0 Hexes
 - Level 6.0 Charms
 - Level 6.0 Necromancy
 - Level 10.0 Ice Magic
 + Level 19.3 Air Magic
 - Level 7.6 Invocations
 - Level 1.0 Evocations


You had 10 spell levels left.
You knew the following spells:

 Your Spells              Type           Power        Failure   Level  Hunger
a - Freezing Cloud        Ice/Air        ########     1%          5    #####..
b - Summon Lightning Spi  Summ/Air       #######.     3%          5    #####..
c - Conjure Ball Lightni  Conj/Air       ########..   1%          6    #######
d - Chain Lightning       Conj/Air       ########..   17%         8    #######
e - Regeneration          Chrm/Necr      ######....   1%          3    ##.....

Your spell library contained the following spells:

 Spells                   Type           Power        Failure   Level  Hunger
 Magic Dart               Conj           ####         0%          1    None
 Searing Ray              Conj           ########     0%          2    None
 Iskenderun's Mystic Bla  Conj           ########     0%          3    ##.....
 Freeze                   Ice            ######       1%          1    None
 Sting                    Conj/Pois      ####         1%          1    None
 Poisonous Vapours        Pois/Air       ######       1%          2    None
 Swiftness                Chrm/Air       ########     1%          2    None
 Throw Frost              Conj/Ice       ######       1%          2    None
 Conjure Flame            Conj/Fire      #######.     1%          3    ##.....
 Mephitic Cloud           Conj/Pois/Air  ########     1%          3    ##.....
 Ozocubu's Armour         Chrm/Ice       #######.     1%          3    ##.....
 Stone Arrow              Conj/Erth      ######       1%          3    ##.....
 Fulminant Prism          Conj/Hex       #######...   1%          4    ####...
 Sticky Flame             Conj/Fire      #######.     1%          4    ####...
 Throw Icicle             Conj/Ice       ########     1%          4    ####...
 Bolt of Draining         Conj/Necr      ########..   1%          5    #####..
 Orb of Destruction       Conj           ########..   1%          7    #######
 Bolt of Cold             Conj/Ice       ########..   2%          6    #######
 Corona                   Hex            #####..      3%          1    None
 Irradiate                Conj/Tmut      #######...   3%          5    #####..
 Venom Bolt               Conj/Pois      #######...   3%          5    #####..
 Shackle                  Hex            #####...     4%          2    None
 Animate Dead             Necr           N/A          6%          4    ####...
 Apportation              Tloc           ###...       7%          1    None
 Beastly Appendage        Tmut           ###...       7%          1    None
 Blink Other              Tloc           ###...       7%          1    None
 Sandblast                Erth           ###...       7%          1    None
 Summon Small Mammal      Summ           ###.         7%          1    None
 Ice Form                 Ice/Tmut       ######..     9%          4    ####...
 Summon Ice Beast         Ice/Summ       ######..     9%          4    ####...
 Call Imp                 Summ           ###...       11%         2    None
 Passwall                 Tmut/Erth      ###.....     11%         2    None
 Sticks to Snakes         Tmut           ###.....     11%         2    None
 False Image              Hex/Summ       ####....     14%         3    ##.....
 Inner Flame              Hex/Fire       N/A          14%         3    ##.....
 Icicle Burst             Conj/Ice       ########..   14%         7    #######
 Dispel Undead            Necr           ######..     16%         5    #####..
 Metabolic Englaciation   Hex/Ice        ######....   16%         5    #####..
 Ozocubu's Refrigeration  Ice            #######...   17%         6    #######
 Beckoning                Tloc           ###.......   21%         3    ##.....
 Call Canine Familiar     Summ           ###.....     21%         3    ##.....
 Ignite Poison            Fire/Tmut/Pois ###.....     21%         3    ##.....
 Recall                   Summ/Tloc      N/A          21%         3    ##.....
 Spider Form              Tmut/Pois      ###          21%         3    ##.....
 Bolt of Fire             Conj/Fire      #######...   21%         6    #######
 Iron Shot                Conj/Erth      #######...   21%         6    #######
 Poison Arrow             Conj/Pois      #######...   21%         6    #######
 Cause Fear               Hex            #####.....   30%         4    ####...
 Simulacrum               Ice/Necr       #######.     36%         6    #######
 Tree Form                Hex/Tmut       N/A          41%         4    ####...
 Yara's Violent Unravell  Hex/Tmut       ####......   41%         4    ####...
 Steam Barrier            Chrm/Fire      #####.....   50%         5    #####..
 Glaciate                 Conj/Ice/Air   ########..   52%         8    #######
 Olgreb's Toxic Radiance  Pois           ###......    56%         4    ####...
 Petrify                  Tmut/Erth      ###.......   56%         4    ####...
 Summon Scorpions         Summ/Pois      ###.....     56%         4    ####...
 Death Channel            Chrm/Necr      ######....   65%         6    #######
 Spellforged Servitor     Conj/Summ      #######...   75%         7    #######
 Blade Hands              Tmut           ###.......   88%         5    #####..
 Lee's Rapid Deconstruct  Erth           ###.......   88%         5    #####..
 Passage of Golubria      Tloc           N/A          88%         5    #####..
 Borgnjor's Vile Clutch   Necr/Erth      #####.....   97%         6    #######
 Darkness                 Hex            #####.....   99%         6    #######
 Invisibility             Hex            #####...     99%         6    #######
 Infestation              Hex/Tmut/Pois  ###......    100%        6    #######
 Statue Form              Tmut/Erth      ###......    100%        6    #######
 Monstrous Menagerie      Summ           ###.......   100%        7    #######
 Ignition                 Fire           ###.......   100%        8    #######
 Lehudib's Crystal Spear  Conj/Erth      #######...   100%        8    #######
 Necromutation            Tmut/Necr      #####...     100%        8    #######
 Tornado                  Tloc/Air       #######...   100%        8    #######
 Fire Storm               Conj/Fire      #######...   100%        9    #######
 Shatter                  Erth           ###.......   100%        9    #######


Dungeon Overview and Level Annotations

Branches:
Dungeon (12/12)            Temple (0/1) D:7            Lair (6/6) D:7
  Swamp (3/3) Lair:3       Shoals (3/3) Lair:3        Slime (0/5) Lair:5
    Orc (1/1) D:10            Elf (3/3) Orc          Vaults (2/3) D:12
  Crypt (0/2) Vaults:2     Depths (5/5) D:12           Hell (1/1)
    Dis (0/2) Hell            Geh (0/2) Hell            Coc (1/2) Hell
    Tar (0/2) Hell            Zot (0/5) Depths:5

Altars:
Elyvilon
Fedhas
Gozag
Uskayaw
Xom
Zin
Jiyva

Shops:
D:6 =   D:9 *   D:10 [(   D:11 *   Orc }!}?   Elf:1 ?!(!   Vaults:2 *
Depths:2 %

Portals:
Hell: Depths:1 Depths:2 Depths:3 Depths:4 Depths:5
Abyss: Depths:4
Pandemonium: Depths:1 Depths:3
Ziggurat: Depths:1

Annotations:
D:8 1 runed door, exclusion: centaur warrior
Lair:1 Gastronok
Lair:3 2 transporters, Irhican's ghost, journeyman MiBe
Lair:4 exclusion: cane toad, Harold
Lair:5 1 runed translucent door, XxPooperXx's ghost, journeyman MiBe


Innate Abilities, Weirdness & Mutations

You cannot wear boots.
You can swim through water.
Your serpentine skin is tough. (AC +8)
You have supernaturally acute eyesight. (SInv)
Armour fits poorly on your strangely shaped body.
Your system is resistant to poisons. (rPois)
You cover ground very slowly.
You have a slow metabolism.
You can spit poison.
You can use your snake-like lower body to constrict enemies.
Your tail ends in a poisonous barb.
You possess an exceptional clarity of mind.


Message History

The freezing wraith hits you but does no damage.
You slash the freezing wraith! You burn the freezing wraith.
The freezing wraith is heavily damaged.
The Ice Fiend gestures at you.
The bolt of cold hits the freezing wraith.
The freezing wraith completely resists.
You resist. The bolt of cold hits you!
* * * LOW HITPOINT WARNING * * *
You block the alligator zombie's attack. x2
The freezing wraith hits you.
* * * LOW HITPOINT WARNING * * *
The freezing wraith freezes you. You resist.
* * * LOW HITPOINT WARNING * * *
The freezing wraith misses you.
Blink to where?
Press: ? - help, Dir - move target cursor You are very lightly contaminated with residual magic.
As you read the scroll of blinking, it crumbles to dust.
The Ice Fiend gestures at you. You resist. The bolt of cold hits you!
You die...

################
##........Z.#.##§#
##≈≈.....≈≈≈Z÷#1WZ.#
##≈≈≈≈≈≈≈≈≈≈≈÷))...##
##≈≈≈≈≈≈≈≈≈≈≈.)÷))..#
#≈..≈≈≈≈≈≈≈≈.........≈...
##..≈≈≈≈≈≈≈...#.##..≈≈...
##....≈≈≈≈≈≈.@.## #.≈≈....
##.....≈≈≈≈≈≈)...##..≈.....
#..###.≈≈≈≈≈≈≈))....≈≈....#
#.).##..≈≈≈≈≈≈......≈....##
##...#..≈≈≈≈≈≈)....≈≈....#
##..)..≈≈≈≈≈≈.....≈≈≈≈.
#≈≈....≈≈≈≈≈≈≈..W≈≈≈≈≈≈
#≈≈≈.≈≈≈≈≈≈≈≈1..≈≈≈≈≈##
#≈≈≈≈≈≈≈######≈W≈≈5≈≈#


You could see 2 Ice Fiends, 2 freezing wraiths, an alligator zombie and 2 cane
toad zombies.

Vanquished Creatures
  2 juggernauts
  An ancient lich (Depths:4)
  Mara (D:12)
  A golden dragon (Depths:5)
  Bai Suzhen (Swamp:3)
  A Killer Klown (Depths:4)
  6 shard shrikes (Coc:1)
  Saint Roka (Depths:3)
  Jory (Depths:4)
  Geryon (Hell)
  A bone dragon (Coc:1)
  Nikola (Depths:1)
  3 Ice Fiends
  2 liches
  Jorgrun (Shoals:1)
  Frances (Swamp:1)
  A quicksilver dragon (Depths:5)
  6 deep elf blademasters
  4 deep elf master archers (Elf:3)
  4 titans
  A kraken (Shoals:2)
  2 sphinxes
  2 ancient champions (Hell)
  3 thorn hunters
  3 storm dragons
  3 tengu reavers
  A ghoul (Coc:1)
  A shadow dragon (Hell)
  2 war gargoyles (Hell)
  Donald (Swamp:3)
  Ilsuiw (Shoals:3)
  10 deep elf sorcerers
  A draconian monk (Depths:5)
  A fire giant (Depths:5)
  2 frost giants
  An iron dragon (Depths:2)
  5 orc warlords
  2 iron golems (Hell)
  An imperial myrmidon (Desolation)
  A cacodemon (Coc:1)
  A juggernaut zombie (Depths:4)
  6 vault wardens
  17 stone giants
  A draconian shifter (Depths:5)
  Aizul (Swamp:3)
  7 ironheart preservers
  35 very ugly things
  6 reapers
  2 eyes of devastation (Depths:5)
  2 halazid warlocks (Desolation)
  5 deep elf demonologists
  2 entropy weavers (Vaults:2)
  4 green draconians (Depths:5)
  13 deep elf annihilators
  A spectral titan (Coc:1)
  4 spark wasps
  A spark wasp (shapeshifter) (Elf:1)
  3 dire elephants
  2 yellow draconians (Depths:5)
  A lorocyproca (Depths:1)
  20 ettins
  8 deep elf death magi
  A ragged hierophant (Desolation)
  7 fire dragons
  3 crystal guardians (Desolation)
  6 merfolk javelineers
  3 mutant beasts (D:12)
  7 merfolk impalers
  2 blizzard demons (Coc:1)
  2 jiangshi (Depths:2)
  6 yaktaur captains
  4 rakshasas
  3 vault guards
  A kraken zombie (Hell)
  A monstrous demonspawn (Depths:1)
  8 servants of whispers (Desolation)
  A deep elf high priest (Elf:3)
  4 spriggan air magi
  2 shadow wraiths (Depths:3)
  6 ice dragons
  5 peacekeepers
  2 merfolk avatars (Shoals:3)
  A shambling mangrove (Swamp:2)
  19 hydras
  A juggernaut simulacrum (Depths:2)
  A ghost crab (Swamp:2)
  8 ogre magi
  6 merfolk aquamancers
  A death knight (Vaults:1)
  2 great orbs of eyes
  5 alligators
  25 dancing weapons
  13 deep troll shamans
  33 two-headed ogres
  2 two-headed ogres (shapeshifter)
  8 death yaks
  12 sea snakes
  A vampire mage (Depths:2)
  3 hell hogs (Hell)
  8 deep troll earth magi
  An ironheart beastmaster (Vaults:2)
  4 orc high priests
  9 tengu warriors
  30 deep trolls
  4 sun demons
  Nergalle (Orc)
  A spriggan berserker (Depths:1)
  36 skeletal warriors
  21 deep elf knights
  4 iron trolls
  4 soul eaters
  14 centaur warriors
  A sixfirhy (Depths:1)
  An unseen horror (D:12)
  A death drake (Swamp:2)
  23 hell knights
  11 swamp dragons
  A death drake (shapeshifter) (Depths:3)
  6 flayed ghosts
  10 deep elf archers
  5 phantasmal warriors
  13 ironheart convokers
  An anaconda skeleton (Hell)
  6 cyclopes
  8 necromancers
  5 glowing orange brains
  27 harpies
  A frost giant zombie (Depths:2)
  A wolf spider zombie (D:12)
  7 wizards
  7 orc knights (Elf:2)
  54 deep elf magi
  3 orc sorcerers (Orc)
  A salamander (Depths:2)
  31 ugly things
  An oklob plant (Orc)
  A sphinx skeleton (Vaults:2)
  8 black mambas
  11 manticores
  6 fauns
  2 frost giant skeletons (Vaults:2)
  10 rust devils
  3 fire giant skeletons (Vaults:2)
  A naga mage (D:12)
  9 merfolk sirens
  9 elephants
  14 water nymphs
  A guardian serpent (Desolation)
  2 guardian serpents (shapeshifter)
  2 stone giant skeletons (Vaults:2)
  A will-o'-wisp (Swamp:3)
  11 vault sentinels
  3 ice statues
  2 cane toads (shapeshifter)
  5 molten gargoyles
  A storm dragon simulacrum (Depths:4)
  A human zombie (Vaults:2)
  A hellion (Depths:2)
  2 kobold demonologists
  3 efreet
  16 cane toads
  16 flying skulls (Coc:1)
  7 ice devils
  8 komodo dragons
  3 rime drakes
  A spectral merfolk (Coc:1)
  4 anaconda simulacra (IceCv)
  A ghost moth simulacrum (Coc:1)
  3 hellwings (Depths:2)
  3 tormentors
  14 freezing wraiths
  3 tengu conjurers
  7 red devils
  A queen bee (D:10)
  23 yaktaurs
  A yaktaur skeleton (Vaults:2)
  19 merfolk
  A meliai (shapeshifter) (Elf:1)
  6 polar bears (Lair:6)
  18 hornets
  A shadow dragon simulacrum (Coc:1)
  5 golden dragon simulacra (IceCv)
  8 tyrant leeches
  A hydra zombie (Hell)
  16 trolls
  2 wind drakes
  2 harpy skeletons (D:12)
  21 bog bodies
  47 saltlings
  An iron dragon simulacrum (Depths:4)
  23 slime creatures
  16 blink frogs
  A human simulacrum (Vaults:2)
  A hydra skeleton (Hell)
  An ettin zombie (Depths:2)
  16 dream sheep
  13 hippogriffs
  A dream sheep (shapeshifter) (Vaults:2)
  6 snapping turtles
  16 spriggans
  An ettin skeleton (Vaults:2)
  Grum (D:11)
  2 dire elephant simulacra (IceCv)
  A wyvern (Lair:5)
  A spectral elf (Coc:1)
  Sigmund (D:6)
  3 air elementals
  A tarantella (Vaults:2)
  A fire bat (shapeshifter) (D:12)
  45 water elementals
  47 yaks
  8 wraiths
  4 basilisks
  8 fire elementals
  A chaos spawn (Depths:1)
  2 redbacks (Vaults:2)
  A hungry ghost (D:3)
  22 vampire mosquitoes
  Menkaure (D:6)
  2 harpy simulacra
  9 swamp worms
  3 iron troll simulacra (IceCv)
  12 crocodiles
  4 wargs
  An acid dragon (D:11)
  8 water moccasins
  5 hell hounds
  6 hydra simulacra
  A floating eye (Depths:5)
  14 porcupines
  10 swamp drakes
  30 orc warriors
  2 cane toad zombies
  A black bear (shapeshifter) (D:9)
  4 ice beasts
  4 sky beasts
  4 black bears
  An alligator simulacrum (Hell)
  41 ogres
  A hornet zombie (D:11)
  2 ettin simulacra (Coc:1)
  A necrophage (Coc:1)
  A phantom (D:5)
  An ice dragon simulacrum (Coc:1)
  7 boggarts
  31 wolves
  A snapping turtle skeleton (Coc:1)
  6 human skeletons (Vaults:2)
  3 kobold brigands
  13 bullfrogs
  An earth elemental (Elf:1)
  A cane toad simulacrum (Coc:1)
  10 centaurs
  3 scorpions
  A water moccasin skeleton (D:7)
  2 elephant simulacra (IceCv)
  17 killer bees (D:10)
  8 wights
  A howler monkey (D:11)
  A swamp dragon simulacrum (IceCv)
  6 electric eels
  18 orc priests
  8 crimson imps
  2 draconian simulacra (IceCv)
  2 quasits (Depths:1)
  A bullfrog zombie (D:8)
  2 bullfrog skeletons
  A gnoll shaman (D:5)
  5 hounds
  5 jellies
  15 orc wizards
  2 iguanas (D:8)
  2 iron imps (Depths:1)
  8 worker ants
  3 troll simulacra (IceCv)
  A spriggan simulacrum (IceCv)
  6 hound skeletons
  11 gnolls
  2 naga simulacra (IceCv)
  7 adders
  2 ogre simulacra (IceCv)
  4 shadow imps
  12 white imps
  3 centaur simulacra (IceCv)
  7 ufetubi
  2 oozes
  2 adder zombies
  An adder skeleton (D:8)
  A dart slug (D:1)
  6 leopard geckos
  63 orcs
  A ball python (D:1)
  3 bats
  3 giant cockroaches
  6 goblins
  8 hobgoblins
  14 jackals
  8 quokkas
  5 frilled lizards
  9 kobolds
  A quokka skeleton (D:5)
  7 rats
  A butterfly (Lair:4)
  27 plants
  6 tentacles
1999 creatures vanquished.

Vanquished Creatures (others)
  A golden dragon (Depths:5)
  5 stone giants
  A merfolk javelineer (Shoals:3)
  2 yaktaur captains
  2 sea snakes (Shoals:3)
  4 centaur warriors
  2 deep elf archers (Elf:1)
  A cyclops (Orc)
  A faun (Shoals:3)
  2 deep elf magi (Elf:3)
  An orc knight (Elf:2)
  A spectral alligator (Coc:1)
  7 yaktaurs
  6 merfolk
  An air elemental (Elf:3)
  An orc warrior (Orc)
  2 centaurs
  An orc (Orc)
  242 ball lightnings
  68 fungi
  66 plants
  20 tentacles
437 creatures vanquished.

Grand Total: 2436 creatures vanquished

Notes
Turn   | Place    | Note
-------+----------+-------------------------------------------
     0 | D:1      | Mehrunes the Naga Sloth Apostle began the quest for the
                  | Orb.
     0 | D:1      | Reached XP level 1. HP: 19/19 MP: 2/2
   164 | D:1      | Reached skill level 5 in Stealth
   358 | D:1      | Reached XP level 2. HP: 26/26 MP: 3/3
   848 | D:1      | Reached XP level 3. HP: 32/32 MP: 4/4
   879 | D:1      | Reached * piety under Cheibriados
  1427 | D:2      | Found a blossoming altar of Fedhas.
  1595 | D:2      | Reached XP level 4. HP: 36/39 MP: 5/5
  2431 | D:3      | Reached ** piety under Cheibriados
  2459 | D:3      | Found a white marble altar of Elyvilon.
  2617 | D:3      | Noticed a hungry ghost
  2627 | D:3      | Killed a hungry ghost
  2628 | D:3      | Reached XP level 5. HP: 34/45 MP: 6/6
  2628 | D:3      | Reached XP level 6. HP: 39/52 MP: 7/7
  3154 | D:3      | Reached *** piety under Cheibriados
  3349 | D:3      | Got a pitted granite ring
  3350 | D:3      | Identified the ring "Eni Isch" {*Drain +Fly rPois rF+} (You
                  | found it on level 3 of the Dungeon)
  3544 | D:4      | Noticed a sky beast
  3553 | D:4      | Killed a sky beast
  3554 | D:4      | Reached skill level 5 in Long Blades
  3636 | D:4      | Reached XP level 7. HP: 60/60 MP: 8/8
  3812 | D:4      | Found a hide-covered altar of Uskayaw.
  4178 | D:4      | Got a bloodstained scale mail
  4189 | D:4      | Identified the +0 scale mail of the Trout {rCorr Dex+6}
                  | (You found it on level 4 of the Dungeon)
  4581 | D:4      | Reached skill level 10 in Stealth
  4885 | D:5      | Entered Level 5 of the Dungeon
  5001 | D:5      | Learned a level 5 spell: Summon Lightning Spire
  5074 | D:5      | Reached **** piety under Cheibriados
  5156 | D:5      | Reached XP level 8. HP: 27/67 MP: 9/9
  5954 | D:6      | Noticed Sigmund
  5970 | D:6      | Killed Sigmund
  6057 | D:6      | Noticed a hippogriff
  6064 | D:6      | Killed a hippogriff
  6261 | D:6      | Reached XP level 9. HP: 73/73 MP: 10/10
  6420 | D:6      | Found Zymaxzu's Jewellery Shop.
  6447 | D:6      | Noticed Menkaure
  6453 | D:6      | Killed Menkaure
  6454 | D:6      | Reached skill level 10 in Long Blades
  6710 | D:6      | Noticed a skeletal warrior
  6893 | D:7      | Found an opulent altar of Gozag.
  7202 | D:7      | Reached skill level 1 in Invocations
  7437 | D:7      | Reached ***** piety under Cheibriados
  7483 | D:7      | Found a staircase to the Lair.
  7697 | D:7      | Found a staircase to the Ecumenical Temple.
  7720 | D:7      | Reached XP level 10. HP: 70/80 MP: 12/12
  8151 | D:8      | Noticed a centaur warrior
  8368 | D:8      | Noticed a centaur warrior
  8380 | D:8      | Found a runed door.
  8380 | D:8      | Found a runed door.
  8675 | D:8      | Noticed a centaur warrior
  8675 | D:8      | Noticed a centaur warrior
  8675 | D:8      | Noticed a two-headed ogre
  8675 | D:8      | Noticed a centaur warrior
  8971 | D:6      | Killed a skeletal warrior
  9417 | D:8      | Killed a centaur warrior
  9585 | D:8      | Killed a centaur warrior
  9608 | D:8      | Killed a centaur warrior
  9609 | D:8      | Reached XP level 11. HP: 13/86 MP: 14/14
  9718 | D:8      | Killed a two-headed ogre
 10033 | D:8      | Killed a centaur warrior
 10736 | D:8      | Killed a centaur warrior
 11035 | D:9      | Noticed a sixfirhy
 11047 | D:9      | Reached skill level 5 in Fighting
 11333 | D:9      | Noticed a two-headed ogre
 11373 | D:9      | Found Ymiecs's General Store.
 11457 | D:9      | Noticed a two-headed ogre
 11535 | D:9      | Killed a two-headed ogre
 11883 | D:9      | Killed a two-headed ogre
 12422 | Lair:1   | Entered Level 1 of the Lair of Beasts
 13067 | Lair:1   | Noticed Gastronok
 14064 | Lair:2   | Reached XP level 12. HP: 112/112 MP: 15/15
 14770 | Lair:2   | Reached ****** piety under Cheibriados
 14874 | Lair:2   | Reached skill level 10 in Fighting
 15095 | Lair:2   | Reached skill level 1 in Dodging
 15213 | Lair:2   | Reached skill level 5 in Invocations
 15667 | Lair:3   | Found a staircase to the Shoals.
 15786 | Lair:3   | Noticed an eight-headed hydra
 15806 | Lair:3   | Killed a 15-headed hydra
 15999 | Lair:3   | Learned a level 5 spell: Freezing Cloud
 16324 | Lair:3   | Found a transporter.
 16325 | Lair:3   | Noticed an eight-headed hydra
 16325 | Lair:3   | Noticed an eight-headed hydra
 16331 | Lair:3   | Found a transporter.
 16340 | Lair:3   | Noticed Irhican's ghost (journeyman MiBe)
 16346 | Lair:3   | Got a steaming amber ring
 16347 | Lair:3   | Identified the cursed ring "Amicy" {Ice rN+ Str-3 Slay+2}
                  | (You found it on level 3 of the Lair of Beasts)
 16388 | Lair:3   | Found a staircase to the Swamp.
 16777 | Lair:4   | Found a gate leading to a gauntlet.
 16788 | Gauntlet | Entered a Gauntlet
 16788 | Gauntlet | Found a transporter.
 16788 | Gauntlet | Found a transporter.
 16792 | Gauntlet | Found a transporter.
 16796 | Gauntlet | Found a transporter.
 16796 | Gauntlet | Found a transporter.
 16797 | Gauntlet | Found a transporter.
 16805 | Gauntlet | Noticed a death ooze
 16807 | Gauntlet | Found a transporter.
 16807 | Gauntlet | Found a transporter.
 16810 | Gauntlet | Found a transporter.
 16810 | Gauntlet | Found a transporter.
 16820 | Gauntlet | Found a transporter.
 16821 | Gauntlet | Found a transporter.
 16830 | Gauntlet | Identified the amulet "Figao" {RegenMP +Inv Str+3 Dex-4}
 17314 | Lair:4   | Noticed Harold
 17839 | Lair:4   | Reached skill level 5 in Dodging
 18082 | Lair:5   | Reached skill level 1 in Ice Magic
 18082 | Lair:5   | Reached skill level 1 in Air Magic
 18082 | Lair:5   | Gained mutation: You can use your snake-like lower body to
                  | constrict enemies. [Naga growth]
 18082 | Lair:5   | Reached XP level 13. HP: 118/123 MP: 18/18
 19209 | Lair:5   | Found a staircase to the Slime Pits.
 19210 | Lair:5   | Found a viscous altar of Jiyva.
 19322 | Lair:5   | Found a runed translucent door.
 19323 | Lair:5   | Found a shimmering altar of Xom.
 19323 | Lair:5   | Noticed XxPooperXx's ghost (journeyman MiBe)
 19821 | Lair:6   | Entered Level 6 of the Lair of Beasts
 20051 | Lair:6   | Got an encrusted helmet
 20062 | Lair:6   | Identified the +4 helmet "Kuunaega" {rPois rC+ Slay+2} (You
                  | found it on level 6 of the Lair of Beasts)
 20101 | Lair:6   | Reached skill level 5 in Ice Magic
 20101 | Lair:6   | Reached skill level 5 in Air Magic
 20840 | Lair:6   | Reached XP level 14. HP: 29/132 MP: 19/19
 21349 | D:10     | Entered Level 10 of the Dungeon
 22337 | D:10     | Found Oqenu's Armour Shop.
 22337 | D:10     | Found a staircase to the Orcish Mines.
 22358 | D:10     | Found Qawnoubo's Weapon Shop.
 22782 | D:11     | Noticed Grum
 22786 | D:11     | Killed Grum
 23895 | D:11     | Found Ulacrall's Assorted Antiques.
 24631 | Lair:6   | Reached skill level 5 in Shields
 25751 | Orc      | Entered the Orcish Mines
 25944 | Orc      | Reached XP level 15. HP: 130/138 MP: 14/20
 26013 | Orc      | Noticed Nergalle
 26028 | Orc      | Killed Nergalle
 26237 | Orc      | Found Vaovukat's Distillery.
 26252 | Orc      | Found Seusyk's Magic Scroll Shoppe.
 26260 | Orc      | Reached skill level 10 in Ice Magic
 26260 | Orc      | Reached skill level 10 in Air Magic
 26281 | Orc      | Found Igoror's Gadget Boutique.
 26288 | Orc      | Found Dorimued's Gadget Boutique.
 26408 | Orc      | Found a staircase to the Elven Halls.
 26421 | Orc      | Noticed an orc warlord
 26439 | Orc      | Killed an orc warlord
 27243 | D:12     | Entered Level 12 of the Dungeon
 27553 | D:12     | Got a sheer robe
 27556 | D:12     | Identified the cursed +0 robe of Okawaru's Vengeance
                  | {+Blink rPois} (You found it on level 12 of the Dungeon)
 27690 | D:12     | Noticed a mature stingbat beast
 27690 | D:12     | Noticed a mature stingbat beast
 27804 | D:12     | Reached skill level 10 in Dodging
 27906 | D:12     | Found a runed translucent door.
 27906 | D:12     | Found a gate to the Vaults.
 28104 | D:12     | Got a masterwork hand axe
 28166 | D:12     | Found a staircase to the Depths.
 28171 | D:12     | Reached XP level 16. HP: 147/147 MP: 21/21
 28954 | Swamp:1  | Entered Level 1 of the Swamp
 28970 | Swamp:1  | Noticed Frances
 29065 | Swamp:1  | Killed Frances
 30110 | Swamp:2  | Noticed a thorn hunter
 30130 | Swamp:2  | Killed a thorn hunter
 30168 | Swamp:2  | Found a frozen archway.
 30184 | IceCv    | Entered an ice cave
 30907 | IceCv    | Noticed an Ice Fiend
 31086 | IceCv    | Killed an Ice Fiend
 31182 | IceCv    | Found the +0 mask of the Dragon {MR+ Slay+3 SInv}
 31460 | Swamp:2  | Learned a level 6 spell: Conjure Ball Lightning
 31477 | Swamp:2  | Reached skill level 1 in Conjurations
 32202 | Swamp:2  | Noticed a thorn hunter
 32209 | Swamp:2  | Killed a thorn hunter
 32210 | Swamp:2  | Reached skill level 5 in Conjurations
 32453 | Swamp:3  | Entered Level 3 of the Swamp
 32577 | Swamp:3  | Noticed Donald
 32586 | Swamp:3  | Reached XP level 17. HP: 164/164 MP: 22/22
 32597 | Swamp:3  | Killed Donald
 32732 | Swamp:3  | Noticed Bai Suzhen
 32733 | Swamp:3  | Noticed Aizul
 32959 | Swamp:3  | Killed Bai Suzhen
 33236 | Swamp:3  | Reached skill level 10 in Conjurations
 33267 | Swamp:3  | Got a decaying rune of Zot
 33309 | Swamp:3  | Killed Aizul
 33684 | Shoals:1 | Entered Level 1 of the Shoals
 34302 | Shoals:1 | Noticed Jorgrun
 34313 | Shoals:1 | Killed Jorgrun
 34842 | Shoals:2 | Reached XP level 18. HP: 122/176 MP: 23/23
 36221 | Shoals:3 | Entered Level 3 of the Shoals
 36516 | Shoals:3 | Noticed Ilsuiw
 36616 | Shoals:3 | Killed Ilsuiw
 37368 | Shoals:3 | Identified the ring of Emianad {-Tele *Slow rN+++ Str+4
                  | SInv}
 37611 | Shoals:3 | Identified the +5 ring mail of Lonam {Str+2 SInv}
 37684 | Shoals:3 | Identified the Catalogue of Earth
 37740 | Shoals:3 | Reached skill level 15 in Fighting
 37864 | Shoals:3 | Got a barnacled rune of Zot
 38321 | D:12     | Reached XP level 19. HP: 88/186 MP: 24/24
 38472 | Vaults:1 | Entered Level 1 of the Vaults
 39444 | Vaults:1 | Reached skill level 5 in Spellcasting
 40047 | Vaults:1 | Found a glowing silver altar of Zin.
 41145 | Vaults:2 | Found Nuqoam's General Store.
 41492 | Vaults:2 | Reached XP level 20. HP: 176/196 MP: 26/29
 41516 | Vaults:2 | HP: 9/196 [ironheart preserver/+0 great mace of protection
                  | (36)]
 41953 | Vaults:2 | Reached skill level 10 in Shields
 42450 | Vaults:2 | Found a staircase to the Crypt.
 43377 | Depths:1 | Entered Level 1 of the Depths
 43424 | Depths:1 | Noticed Mara
 43433 | Depths:1 | Noticed Mehrunes's illusion
 43545 | Depths:1 | Noticed Mehrunes's illusion
 43727 | Depths:1 | Noticed Mehrunes's illusion
 43846 | D:12     | Noticed Mehrunes's illusion
 44003 | D:12     | Noticed Mehrunes's illusion
 44011 | D:12     | Killed Mara
 44581 | Depths:1 | Noticed Nikola
 44592 | Depths:1 | Killed Nikola
 44678 | Depths:1 | Found a one-way gate leading to the halls of Pandemonium.
 44796 | Depths:1 | Found a gateway to Hell.
 44801 | Depths:1 | Cast into level 1 of the Abyss (a deep elf demonologist)
 44865 | Depths:1 | Escaped the Abyss
 44867 | Depths:1 | Noticed a Shadow Fiend
 45128 | Depths:1 | Found a gateway to a ziggurat.
 45338 | Depths:1 | Learned a level 8 spell: Chain Lightning
 45475 | Depths:1 | Reached XP level 21. HP: 204/205 MP: 30/30
 46708 | Depths:2 | Reached skill level 15 in Conjurations
 46740 | Depths:2 | Reached skill level 15 in Air Magic
 47424 | Depths:2 | Identified the +1 robe "Xoovvacy" {rF+}
 47947 | Depths:2 | Noticed a juggernaut
 48038 | Depths:2 | Killed a juggernaut
 48089 | Depths:2 | Identified the +2 halberd "Erucwadu" {chop, +Fly rElec
                  | rPois Int-3}
 48095 | Depths:2 | Identified the +3 short sword of the Old World {freeze,
                  | rC++ MP+9 Int-5 Stlth+} (You found it on level 2 of the
                  | Depths)
 48096 | Depths:2 | Identified the +8 short sword of Misery {pierce, *Rage
                  | +Blink rC+++ Int-2} (You found it on level 2 of the Depths)
 48406 | Depths:2 | Found Vaophez's Food Emporium.
 48655 | Depths:2 | Reached XP level 22. HP: 151/213 MP: 21/31
 49674 | Depths:3 | Noticed Saint Roka
 49683 | Depths:3 | Killed Saint Roka
 50957 | Depths:3 | Identified the +9 dagger of Gin and Tonic {pierce, rC+}
                  | (You found it on level 3 of the Depths)
 51259 | Elf:1    | Entered Level 1 of the Elven Halls
 51537 | Elf:1    | Found a flickering gateway to a bazaar.
 51542 | Bazaar   | Entered a bazaar
 51544 | Bazaar   | Found Hisibbo's Assorted Antiques.
 51569 | Bazaar   | Found Aqaowkaf's Magic Scroll Boutique.
 51569 | Bazaar   | Found Erossa Izai's Jewellery Boutique.
 51570 | Bazaar   | Found Joytrek's Antique Armour Boutique.
 51580 | Bazaar   | Bought a scroll of acquirement for 624 gold pieces
 51580 | Bazaar   | Bought a scroll of enchant armour for 90 gold pieces
 51588 | Bazaar   | Bought the ring "Simu" {rElec Int+7 Dex+4 Stlth+} for 562
                  | gold pieces
 51588 | Bazaar   | Bought an uncursed amulet of regeneration for 288 gold
                  | pieces
 51625 | Bazaar   | Identified the +0 robe of the Stallion {MR+ MP+9} (You
                  | acquired it in a bazaar)
 51625 | Bazaar   | Identified the amulet of Ycaezivy {Spirit +Blink} (You
                  | acquired it in a bazaar)
 51625 | Bazaar   | Identified the Volume of Air (You acquired it in a bazaar)
 51631 | Bazaar   | Bought a scroll of enchant armour for 172 gold pieces
 51779 | Elf:1    | Learned a level 3 spell: Regeneration
 51817 | Elf:1    | Found Foxo's Distillery.
 51820 | Elf:1    | Found Puohel's Weapon Emporium.
 51820 | Elf:1    | Found Oshruk's Distillery.
 51827 | Elf:1    | Found Zaxyqo's Magic Scroll Shoppe.
 51873 | Elf:1    | Bought a scroll of brand weapon for 252 gold pieces
 51875 | Elf:1    | Bought a scroll of blinking for 105 gold pieces
 51986 | Elf:1    | Reached skill level 1 in Charms
 51986 | Elf:1    | Reached skill level 1 in Necromancy
 51997 | Elf:1    | Bought a potion of might for 44 gold pieces
 51997 | Elf:1    | Bought a potion of agility for 44 gold pieces
 51997 | Elf:1    | Bought a potion of resistance for 110 gold pieces
 53107 | Elf:2    | Found a roughly hewn altar of Beogh.
 53199 | Elf:2    | Reached XP level 23. HP: 220/220 MP: 32/32
 53298 | Elf:2    | Found a crumbling gateway.
 53314 | Desolati | Entered the Desolation of Salt
 53464 | Desolati | Reached skill level 5 in Charms
 53464 | Desolati | Reached skill level 5 in Necromancy
 53560 | Desolati | Identified the cursed ring of Ru's Generosity {Str+2 Dex-6}
                  | (You found it in the Desolation of Salt)
 53562 | Desolati | Identified the Handbook of the Mountains
 53564 | Desolati | Identified the cursed +3 mace of Parts Unknown {flame, rF+
                  | Int+2 Dex+4}
 53566 | Desolati | Identified the ring of Farun {Int+3 Stlth++}
 53570 | Desolati | Identified the +1 robe of the Carpenter {rF+ Str+3}
 53761 | Desolati | Identified the Handbook of Burning Companions
 53765 | Desolati | Identified the cursed +1 morningstar "Qejukasy" {antimagic,
                  | Int-2 Dex+4} (You found it in the Desolation of Salt)
 53972 | Desolati | Identified the amulet "Goemuny" {RegenMP +Blink Dex+6
                  | Stlth-} (You found it in the Desolation of Salt)
 53981 | Desolati | Identified Sif Muna's Volume of Ashen Transmigration
 53989 | Desolati | Identified Ligy's Grimoire of Changing and Translocation
 54489 | Elf:2    | Found a huge runed gate.
 54489 | Elf:2    | Found a huge runed gate.
 54489 | Elf:2    | Found a huge runed gate.
 54489 | Elf:2    | Found a huge runed gate.
 54489 | Elf:2    | Found a huge runed gate.
 55109 | Elf:2    | Reached skill level 15 in Shields
 55269 | Elf:3    | Entered Level 3 of the Elven Halls
 55326 | Elf:3    | Found a runed door.
 55358 | Elf:3    | Reached skill level 1 in Armour
 55375 | Elf:3    | Identified the ring of Kuackay {rPois rCorr Int+2 Stlth+}
 55933 | Elf:3    | Identified the +9 mace of Karma {crush, rPois}
 55963 | Elf:3    | Identified the +3 scale mail of an ossuary {rN+ rCorr SInv}
 55963 | Elf:3    | Identified the amulet of Woicraes {Acrobat rElec Int-2
                  | Stlth+}
 55971 | Elf:3    | Reached XP level 24. HP: 173/229 MP: 16/32
 56092 | Elf:3    | Found the +4 serpentine sling {petrify}
 56121 | Elf:3    | Identified the +9 falchion of Zin's Supremacy {flame, Str+3
                  | SInv}
 56121 | Elf:3    | Identified the ring of Discord {Ice +Fly rElec Stlth-}
 56974 | Depths:4 | Noticed Jory
 56993 | Depths:4 | Killed Jory
 57036 | Depths:4 | Reached skill level 5 in Armour
 57280 | Depths:4 | Found a one-way gate to the infinite horrors of the Abyss.
 57590 | Depths:4 | Noticed a juggernaut
 57601 | Depths:4 | Noticed a Killer Klown
 57615 | Depths:4 | Killed a Killer Klown
 57738 | Depths:4 | Identified the amulet of Gofevooz {Gourm rC+} (You found it
                  | on level 4 of the Depths)
 57791 | Depths:4 | Noticed an ancient lich
 57806 | Depths:4 | Killed an ancient lich
 57880 | Depths:4 | Killed a juggernaut
 57968 | Depths:5 | Entered Level 5 of the Depths
 58257 | Depths:5 | Reached XP level 25. HP: 218/236 MP: 32/32
 58276 | Depths:5 | Noticed a golden dragon
 58296 | Depths:5 | Killed a golden dragon
 58664 | Depths:5 | Noticed a golden dragon
 58679 | Depths:5 | Killed a golden dragon
 58998 | Depths:5 | Found a gate to the Realm of Zot.
 59410 | Hell     | Entered the Vestibule of Hell
 59410 | Hell     | Noticed Geryon
 59867 | Hell     | Killed Geryon
 60134 | Hell     | Found a gateway to the freezing wastes of Cocytus.
 60412 | Hell     | Found a gateway to the decaying netherworld of Tartarus.
 60523 | Hell     | Found a gateway to the ashen valley of Gehenna.
 60621 | Hell     | Found a gateway to the Iron City of Dis.
 60883 | Coc:1    | Entered Level 1 of Cocytus
 60924 | Coc:1    | Noticed a shard shrike
 60925 | Coc:1    | Noticed a shard shrike
 60925 | Coc:1    | Noticed a shard shrike
 60934 | Coc:1    | HP: 10/236 [shard shrike/shard of ice (16)]
 60978 | Coc:1    | Killed a shard shrike
 61017 | Coc:1    | Killed a shard shrike
 61242 | Coc:1    | Reached XP level 26. HP: 204/244 MP: 32/32
 61249 | Coc:1    | Killed a shard shrike
 61255 | Coc:1    | Noticed a shard shrike
 61256 | Coc:1    | Noticed a shard shrike
 61258 | Coc:1    | Noticed a shard shrike
 61327 | Coc:1    | Killed a shard shrike
 61332 | Coc:1    | Killed a shard shrike
 61336 | Coc:1    | Killed a shard shrike
 61381 | Coc:1    | Gained mutation: Your tail ends in a poisonous barb. [a
                  | cacodemon]
 61413 | Coc:1    | Gained mutation: You possess an exceptional clarity of
                  | mind. [a cacodemon]
 61453 | Coc:1    | HP: 5/244 [Ice Fiend[the effects of Hell] (9)]
 61464 | Coc:1    | HP: 9/244 [freezing wraith (5)]
 61464 | Coc:1    | HP: 3/244 [freezing wraith (6)]
 61465 | Coc:1    | Killed from afar by an Ice Fiend

Skill      XL: |  1  2  3  4  5  6  7  8  9 10 11 12 13 14 15 16 17 18 19 20 21 22 23 24 25 |
---------------+----------------------------------------------------------------------------+-----
Stealth        | 5 6 8 9 10 12 13 | 13.0
Long Blades    | 3 4 5 6 9 11 13 14 | 14.0
Invocations    | 3 4 7 |  7.6
Fighting       | 8 10 13 14 15 16 | 16.1
Dodging        | 5 6 10 | 10.2
Ice Magic      | 1 7 9 10 | 10.0
Air Magic      | 1 7 9 10 11 13 14 15 16 17 18 19 | 19.3
Shields        | 6 9 11 12 13 15 16 | 16.2
Conjurations   | 6 11 13 14 15 16 17 18 19 | 19.3
Spellcasting   | 6 |  6.0
Charms         | 3 6 |  6.0
Necromancy     | 3 6 |  6.0
Armour         | 3 7 9 |  9.9
Hexes          | |  2.0
Evocations     | |  1.0

Action                   |  1- 3 |  4- 6 |  7- 9 | 10-12 | 13-15 | 16-18 | 19-21 | 22-24 | 25-27 || total
-------------------------+-------+-------+-------+-------+-------+-------+-------+-------+-------++-------
Melee: Falchion          |    50 |    92 |   247 |    88 |       |       |       |       |       ||   477
       Long sword        |       |       |       |   586 |   351 |       |       |       |       ||   937
       Constrict         |       |       |       |       |   216 |   201 |   155 |   189 |   120 ||   881
       Scimitar          |       |       |       |       |   604 |  1027 |   920 |   324 |    94 ||  2969
       Demon blade       |       |       |       |       |       |       |       |   769 |   617 ||  1386
       Staff             |       |       |       |       |       |       |       |     3 |       ||     3
       Tailslap          |       |       |       |       |       |       |       |       |    26 ||    26
Throw: Tomahawk          |       |     1 |     6 |    18 |    38 |    23 |       |       |       ||    86
 Cast: Freezing Cloud    |       |       |       |       |    23 |    62 |    64 |    50 |    20 ||   219
       Conjure Ball Ligh |       |       |       |       |       |     1 |    41 |    40 |     1 ||    83
       Regeneration      |       |       |       |       |       |       |       |     9 |    18 ||    27
       Chain Lightning   |       |       |       |       |       |       |       |       |     4 ||     4
Invok: Temporal Distorti |       |       |     1 |     4 |     1 |     1 |       |     1 |       ||     8
       Defer             |       |       |       |     5 |     3 |       |     8 |     1 |       ||    17
       Bend Time         |       |       |       |     2 |     1 |     1 |       |       |       ||     4
       Step From Time    |       |       |       |       |       |       |       |     3 |     8 ||    11
 Abil: Spit Poison       |    21 |    26 |    37 |    67 |    75 |    29 |       |       |       ||   255
Evoke: Wand              |       |       |     1 |    10 |       |       |       |       |       ||    11
       Sack of spiders   |       |       |       |       |       |       |     1 |       |       ||     1
  Use: Scroll            |       |     6 |    10 |    15 |     9 |    14 |    10 |    14 |     4 ||    82
       Potion            |       |       |     3 |     8 |     2 |     2 |     1 |     4 |     4 ||    24
 Stab: Sleeping          |     4 |     2 |     2 |     7 |    18 |     3 |    10 |    10 |     1 ||    57
       Distracted        |     1 |       |       |     3 |     6 |     2 |     4 |     5 |       ||    21
       Paralysed         |       |       |     4 |    22 |       |       |       |       |       ||    26
       Invisible         |       |       |       |     9 |       |       |       |       |       ||     9
  Eat: Chunk             |     3 |    19 |    10 |    32 |    48 |    53 |    66 |    35 |    12 ||   278
       Ration            |       |       |       |     3 |     2 |     7 |     4 |     6 |     6 ||    28
Armor: Robe              |     2 |    25 |    21 |    67 |   231 |   390 |   209 |   314 |   370 ||  1629
       Scale mail        |       |       |    32 |    43 |       |       |       |       |       ||    75
       Skin              |       |       |       |    15 |       |       |       |       |       ||    15
Dodge: Dodged            |    16 |    17 |    31 |   120 |   511 |  1150 |   490 |   573 |   600 ||  3508
Block: Medium shield     |    17 |    36 |   120 |   522 |   702 |       |   669 |  1488 |  1447 ||  5001
       Buckler           |       |       |       |       |   327 |  1201 |   270 |       |       ||  1798
       Reflection        |       |       |       |       |    19 |    99 |    70 |    85 |    32 ||   305
